% Time on Ice - PHOENIX MUSTANGS
Lines # - Real PCT - Wanted PCT - Time Play
Normal Forward
1 - 31% - 36% - 13:24
2 - 26% - 32% - 11:26
3 - 23% - 22% - 9:54
4 - 20% - 10% - 8:33
Normal Defense
1 - 36% - 40% - 15:22
2 - 37% - 40% - 16:06
3 - 23% - 20% - 10:05
4 - 4% - 0% - 1:44
PP Forward
1 - 60% - 60% - 7:11
2 - 40% - 40% - 4:48
PP Defense
1 - 65% - 55% - 7:45
2 - 35% - 45% - 4:14
PK Forward
1 - 55% - 60% - 1:08
2 - 45% - 40% - 0:56
PK Defense
1 - 49% - 58% - 1:01
2 - 51% - 42% - 1:03
PK3 Forward
1 - 0% - 50%
2 - 0% - 50%
PK3 Defense
1 - 0% - 50%
2 - 0% - 50%
44 Forward
1 - 69% - 52% - 1:19
2 - 31% - 48% - 0:35
44 Defense
1 - 69% - 52% - 1:19
2 - 31% - 48% - 0:35
Last Minute Offensive  - 0:00
Last Minute Defensive  - 0:46
Total
Forward - 60:00
Defense - 60:00
% Time on Ice - SAN FRANCISCO SPIDERS
Lines # - Real PCT - Wanted PCT - Time Play
Normal Forward
1 - 35% - 37% - 15:01
2 - 32% - 33% - 13:43
3 - 25% - 25% - 10:52
4 - 9% - 5% - 3:53
Normal Defense
1 - 40% - 43% - 17:25
2 - 34% - 37% - 14:41
3 - 25% - 10% - 10:55
4 - 1% - 10% - 0:28
PP Forward
1 - 44% - 50% - 0:55
2 - 56% - 50% - 1:09
PP Defense
1 - 56% - 50% - 1:09
2 - 44% - 50% - 0:55
PK Forward
1 - 47% - 50% - 5:35
2 - 53% - 50% - 6:24
PK Defense
1 - 41% - 50% - 4:56
2 - 59% - 50% - 7:03
PK3 Forward
1 - 0% - 55%
2 - 0% - 45%
PK3 Defense
1 - 0% - 50%
2 - 0% - 50%
44 Forward
1 - 54% - 55% - 1:02
2 - 46% - 45% - 0:52
44 Defense
1 - 54% - 55% - 1:02
2 - 46% - 45% - 0:52
Last Minute Offensive  - 0:34
Last Minute Defensive  - 0:00
Total
Forward - 60:00
Defense - 60:00
Play-by-Play 1st period 0:01 of 1st period - John Tavares wins face-off versus Bo Horvat in neutral zone. 0:16 of 1st period - Shot by Viktor Arvidsson. 0:16 of 1st period - Shot Blocked by Jeff Petry. 0:18 of 1st period - Shot by Bo Horvat. 0:18 of 1st period - Shot Misses the Net. 0:22 of 1st period - Shot by Andrei Svechnikov. 0:22 of 1st period - Stopped by Joonas Korpisalo without a rebound. 0:23 of 1st period - Zach Hyman wins face-off versus Andrew Copp in PHOENIX MUSTANGS zone. 0:37 of 1st period - Jesper Fast is hit by Brenden Dillon and loses puck. 0:48 of 1st period - Shot by Andrew Copp. 0:48 of 1st period - Stopped by Malcolm Subban without a rebound. 0:49 of 1st period - Frederick Gaudreau wins face-off versus Kirby Dach in SAN FRANCISCO SPIDERS zone. 1:17 of 1st period - Alexander Kerfoot is hit by Jeremy Lauzon and loses puck. 1:58 of 1st period - Shot by Clayton Keller. 1:58 of 1st period - Deflect By Teuvo Teravainen. 1:58 of 1st period - Shot Misses the Net. 2:00 of 1st period - Shot by John Tavares. 2:00 of 1st period - Goal by John Tavares - PHOENIX MUSTANGS : 1 - SAN FRANCISCO SPIDERS : 0. 2:01 of 1st period - Zach Hyman wins face-off versus Ryan O'Reilly in neutral zone. 2:20 of 1st period - Shot by Zach Hyman. 2:20 of 1st period - Deflect By Jared McCann. 2:20 of 1st period - Shot Misses the Net. 3:20 of 1st period - Clayton Keller is hit by Andrei Svechnikov and loses puck. 3:39 of 1st period - Shot by Viktor Arvidsson. 3:39 of 1st period - Shot Misses the Net. 4:21 of 1st period - Icing by Ty Smith. 4:22 of 1st period - Jason Spezza wins face-off versus Trent Frederic in PHOENIX MUSTANGS zone. 4:22 of 1st period - Jason Spezza is hit by Trent Frederic. 4:46 of 1st period - Shot by Mark Stone. 4:46 of 1st period - Shot Blocked by Ty Smith. 5:14 of 1st period - Icing by Andrew Copp. 5:15 of 1st period - Ryan O'Reilly wins face-off versus Bo Horvat in PHOENIX MUSTANGS zone. 5:21 of 1st period - Minor Penalty to Damon Severson for Roughing. 5:22 of 1st period - Zach Hyman wins face-off versus Andrew Copp in PHOENIX MUSTANGS zone. 5:56 of 1st period - Shot by Trevor Moore. 5:56 of 1st period - Shot Misses the Net. 5:58 of 1st period - Shot by Andrei Svechnikov. 5:58 of 1st period - Stopped by Joonas Korpisalo without a rebound. 5:59 of 1st period - Mark Stone wins face-off versus Frederick Gaudreau in PHOENIX MUSTANGS zone. 6:12 of 1st period - Shot by Viktor Arvidsson. 6:12 of 1st period - Shot Misses the Net. 6:14 of 1st period - Shot by Erik Gudbranson. 6:14 of 1st period - Shot Blocked by Jeremy Lauzon. 6:16 of 1st period - Shot by Viktor Arvidsson. 6:16 of 1st period - Shot Misses the Net. 7:11 of 1st period - Icing by Trevor Moore. 7:12 of 1st period - Zach Hyman wins face-off versus Andrew Copp in SAN FRANCISCO SPIDERS zone. 7:53 of 1st period - Shot by Jason Spezza. 7:53 of 1st period - Shot Misses the Net. 8:35 of 1st period - Darnell Nurse is hit by Clayton Keller and loses puck. 8:41 of 1st period - Off-side. 8:42 of 1st period - Frederick Gaudreau wins face-off versus Kirby Dach in neutral zone. 9:10 of 1st period - Shot by Jordan Greenway. 9:10 of 1st period - Shot Blocked by Erik Gudbranson. 9:12 of 1st period - Shot by Dustin Brown. 9:12 of 1st period - Stopped by Malcolm Subban without a rebound. 9:13 of 1st period - Bo Horvat wins face-off versus John Tavares in SAN FRANCISCO SPIDERS zone. 9:26 of 1st period - Shot by Bo Horvat. 9:26 of 1st period - Deflect By Viktor Arvidsson. 9:26 of 1st period - Shot Blocked by Marco Scandella. 9:38 of 1st period - Shot by Andrei Svechnikov. 9:38 of 1st period - Stopped by Joonas Korpisalo without a rebound. 9:39 of 1st period - Mark Stone wins face-off versus Ryan O'Reilly in PHOENIX MUSTANGS zone. 10:06 of 1st period - Shot by Mark Stone. 10:06 of 1st period - Stopped by Joonas Korpisalo without a rebound. 10:07 of 1st period - Bo Horvat wins face-off versus John Tavares in PHOENIX MUSTANGS zone. 10:34 of 1st period - Shot by Viktor Arvidsson. 10:34 of 1st period - Shot Misses the Net. 10:44 of 1st period - Shot by Clayton Keller. 10:44 of 1st period - Shot Misses the Net. 10:46 of 1st period - Shot by John Tavares. 10:46 of 1st period - Shot Misses the Net. 11:26 o